 Dungeon Crawl Stone Soup version 0.32-a0-314-g526f7d4993 (webtiles) character file.

Game seed: 2583524026132804282

147 whatisthis the Chopper (level 5, -5/47 HPs)
             Began as a Mountain Dwarf Reaver on Feb 15, 2024.
             Slain by a gnoll
             ... wielding a +1 flail of holy wrath
             ... led by a gnoll bouda
              (6 damage)
             ... on level 2 of the Dungeon.
             The game lasted 00:05:36 (2063 turns).

whatisthis the Chopper (Mountain Dwarf Reaver)      Turns: 2063, Time: 00:05:36

Health: -5/47      AC:  6    Str: 17    XL:     5   Next: 8%
Magic:  7/7        EV: 10    Int: 13    God:
Gold:   137        SH:  0    Dex:  8    Spells: 6/7 levels left

rFire   . . .        l - +0 dagger (venom)
rCold   . . .        (no shield)
rNeg    . . .        e - +0 ring mail
rPois   .            (no helmet)
rElec   .            m - +0 cloak
rCorr   .            (no gloves)
SInv    .            (no boots)
Will    .....        (no amulet) Stlth
                     (no ring)
HPRegen 0.27/turn    (no ring)
MPRegen 0.10/turn

%: no passive effects
@: no status effects
A: runic magic, artefact enchanting
a: no special abilities


You were on level 2 of the Dungeon.
You visited 1 branch of the dungeon, and saw 3 of its levels.

You collected 137 gold pieces.

Inventory:

Hand Weapons
 a - a +0 hand axe
 l - a +0 dagger of venom (weapon)
 o - a +0 battleaxe
Missiles
 n - 6 boomerangs
 p - 3 stones (quivered)
Armour
 e - a +0 ring mail (worn)
 m - a +0 cloak (worn)
Scrolls
 c - a scroll of revelation {unknown}
 d - 2 scrolls of fear {unknown}
 f - a scroll of silence {unknown}
 j - a scroll of torment {unknown}
 k - a scroll of noise {unknown}
Potions
 b - 3 potions of might {unknown}
 g - 2 potions of degeneration {unknown}
 h - 3 potions of curing {unknown}
 i - 2 potions of haste {unknown}


   Skills:
 + Level 4.4 Fighting
 + Level 5.5 Axes
 - Level 1.3 Dodging
 - Level 1.7 Spellcasting
 - Level 2.6 Conjurations


You had 6 spell levels left.
You knew the following spells:

 Your Spells              Type           Power      Damage    Failure   Level
a - Kiss of Death         Conj/Necr      16%        2d6       17%         1

Your spell library contained the following spells:

 Spells                   Type           Power      Damage    Failure   Level
 Momentum Strike          Conj/Tloc      8%         3d8       26%         2
 Freeze                   Ice            4%         1d3       30%         1
 Hailstorm                Conj/Ice       4%         3d5       45%         3
 Frozen Ramparts          Ice            2%         1d1       65%         3


Dungeon Overview and Level Annotations

Branches:
Dungeon (3/15)

Altars:
Cheibriados


Innate Abilities, Weirdness & Mutations

Your spellcasting is much less encumbered by armour.
You can use scrolls of enchantment on lesser artefacts.


Message History

HP restored.
There is a stone staircase leading down, spattered with blood here.
You climb downwards.
The gnoll hits you with a +1 flail of holy wrath!
A rat comes into view.
The rat squeaks loudly.
There is a stone staircase leading up, spattered with blood here.
The gnoll hits you with a +1 flail of holy wrath.
You climb upwards.
There is a stone staircase leading down, spattered with blood here.
You hit the gnoll but do no damage.
The gnoll hits you but does no damage. x2
You hit the gnoll.
The gnoll is lightly wounded.
The gnoll hits you with a +1 flail of holy wrath.
You closely miss the gnoll.
The gnoll is lightly wounded.
The gnoll hits you with a +1 flail of holy wrath.
You barely miss the gnoll.
The gnoll is lightly wounded.
The gnoll closely misses you.
The gnoll hits you with a +1 flail of holy wrath.
You completely miss the gnoll.
The gnoll is lightly wounded.
The gnoll hits you with a +1 flail of holy wrath.
You barely miss the gnoll.
The gnoll is lightly wounded.
The gnoll barely misses you.
The gnoll hits you with a +1 flail of holy wrath!
You hit the gnoll.
The gnoll is severely wounded.
The gnoll hits you with a +1 flail of holy wrath.
* * * LOW HITPOINT WARNING * * *
Your +0 dagger of venom begins to drip with poison!
l - a +0 dagger of venom (weapon)
The gnoll hits you with a +1 flail of holy wrath!
* * * LOW HITPOINT WARNING * * *
You hit the gnoll.
The gnoll is poisoned.
The gnoll is severely wounded.
The gnoll hits you with a +1 flail of holy wrath.
You die...

#..# #.# #.##### #.[#
...########.###.# #..#
...#.....<......# ##.#
............##..#### ######.##
......##.....#.....######...##.#.
#..#.............................
...#.###.....#.#..[..####...#..#.
..##.# #.......[.........####..#.
####.###.#.#.#)#@....###.# #....
#...........#g<...# #.# #..#.
#####.#.#.#.###.#.###.####..#.
#.....#.###.#...........#.
###÷###..##.#####.#####.#. #÷#
#...#.# #......... #.# ##.##.#
#..####... #.# #.##.#####..# ###.
#.# #.##........# #.


You could see a gnoll (very poisoned).

Vanquished Creatures
  A gnoll bouda (D:2)
  2 adders (D:2)
  A gnoll (D:2)
  A dart slug (D:1)
  3 ball pythons (D:2)
  7 endoplasms
  5 goblins
  9 hobgoblins
  4 jackals (D:1)
  2 kobolds
  A quokka (D:2)
  6 bats
  2 frilled lizards
  8 rats
52 creatures vanquished.

Notes
Turn   | Place    | Note
-------+----------+-------------------------------------------
     0 | D:1      | whatisthis the Mountain Dwarf Reaver began the quest for
                  | the Orb.
     0 | D:1      | Reached XP level 1. HP: 17/17 MP: 3/3
    58 | D:1      | Reached skill level 4 in Axes
    91 | D:1      | Reached XP level 2. HP: 24/25 MP: 4/4
   432 | D:1      | Reached XP level 3. HP: 31/31 MP: 5/5
   952 | D:2      | Reached XP level 4. HP: 40/40 MP: 6/6
  1007 | D:2      | Reached skill level 5 in Axes
  1743 | D:3      | Found a snail-covered altar of Cheibriados.
  1996 | D:2      | Reached XP level 5. HP: 32/47 MP: 7/7
  2062 | D:2      | HP: 1/47 [gnoll/+1 flail of holy wrath[a gnoll bouda] (10)]
  2063 | D:2      | Slain by a gnoll

Illustrated notes

Levels and vault maps discovered:
D:1:      mainiacjoe_arrival_oval_in_oval, layout_basic,
          nicolae_figureground_sparkle
D:2:      layout_loops_ring
D:3:      minmay_diamond_boxcup, layout_basic, nicolae_overflow_hidden_temple,
          basic_ecumenical_altar

Skill      XL: |  1  2  3  4 |
---------------+-------------+-----
Axes           | 4 5 |  5.5
Fighting       | 3 4 |  4.4
Dodging        | |  1.3
Spellcasting   | |  1.7
Conjurations   | |  2.6

Action                     |  1- 3 |  4- 6 || total
---------------------------+-------+-------++-------
  Melee: Hand axe          |   120 |    37 ||   157
         Battleaxe         |       |    23 ||    23
         Dagger            |       |     5 ||     5
  Throw: Stone             |       |     1 ||     1
 Armour: Leather armour    |    25 |       ||    25
         Ring mail         |    45 |    51 ||    96
  Dodge: Dodged            |    67 |    30 ||    97

Table legend: (Time is in decaauts)
 A = Elapsed time spent in this place.
 B = Non-inter-level travel time spent in this place.
 C = Inter-level travel time spent in this place.
 D = Time resting spent in this place.
 E = Time spent auto-exploring this place.
 F = Levels seen in this place.
 G = Mean time per level.
                   A        B        C        D        E       F      G
               +--------+--------+--------+--------+--------+-----+--------+
         Total |   2084 |   1977 |    107 |    214 |   1081 |   3 |  694.7 |
       Dungeon |   2084 |   1977 |    107 |    214 |   1081 |   3 |  694.7 |
               +--------+--------+--------+--------+--------+-----+--------+

Top non-repeatable levels by time:
     D:2: 1114 daAuts
     D:1: 822 daAuts
     D:3: 148 daAuts
